 Dungeon Crawl Stone Soup version 0.28.0-47-ge53b351184 (webtiles) character file.

Game seed: 16069101627708258880

137 croobank the Covert (level 5, -2/47 HPs)
             Began as a Gnoll Delver on May 2, 2022.
             Slain by Natasha (5 damage)
             ... on level 2 of the Dungeon.
             The game lasted 00:09:41 (2538 turns).

croobank the Covert (Gnoll Delver)                  Turns: 2538, Time: 00:09:42

Health: -2/47      AC:  4    Str: 11    XL:     5   Next: 20%
Magic:  6/7        EV: 13    Int: 12    God:
Gold:   61         SH:  0    Dex: 15    Spells: 2/6 levels left

rFire   . . .      SeeInvis .   a - +0 hand axe
rCold   . . .      Faith    .   (no shield)
rNeg    . . .      Spirit   .   b - +1 leather armour
rPois   .          Reflect  .   (no helmet)
rElec   .          Harm     .   (no cloak)
rCorr   .          Rampage  .   (no gloves)
Will    .....                   (no boots)
Stlth   ++++......              (no amulet)
HPRegen 0.15/turn               (no ring)
MPRegen 0.10/turn               (no ring)

@: brilliant, slowed, very slow
A: fangs 1, strong nose, distributed training, agile 1
a: no special abilities


You were on level 2 of the Dungeon.
You visited 1 branch of the dungeon, and saw 5 of its levels.

You collected 61 gold pieces.

Inventory:

Hand Weapons
 a - a +0 hand axe (weapon)
 n - a +1 dagger of speed
Missiles
 e - 16 bolts
 j - 129 stones (quivered)
Armour
 b - a +1 leather armour (worn)
 l - a +3 ring mail
Magical Staves
 k - a staff of earth
Wands
 g - a wand of digging (7)
Scrolls
 c - 2 scrolls of fog
Potions
 d - a potion of attraction
 h - a potion of flight


   Skills:
 + Level 6.6 Fighting
 + Level 1.4 Short Blades
 + Level 1.4 Long Blades
 + Level 4.7 Axes
 + Level 1.4 Maces & Flails
 + Level 1.4 Polearms
 + Level 1.4 Staves
 + Level 1.4 Slings
 + Level 1.4 Bows
 + Level 1.4 Crossbows
 + Level 1.4 Throwing
 + Level 1.4 Armour
 + Level 4.7 Dodging
 + Level 9.6 Stealth
 + Level 1.4 Shields
 + Level 1.4 Unarmed Combat
 + Level 1.4 Spellcasting
 + Level 1.1 Conjurations
 + Level 1.1 Hexes
 + Level 1.1 Summonings
 + Level 1.1 Necromancy
 + Level 1.1 Translocations
 + Level 1.1 Transmutations
 + Level 1.1 Fire Magic
 + Level 1.1 Ice Magic
 + Level 1.1 Air Magic
 + Level 1.1 Earth Magic
 + Level 1.1 Poison Magic
 + Level 1.5 Invocations
 + Level 1.4 Evocations


You had 2 spell levels left.
You knew the following spells:

 Your Spells              Type           Power      Damage    Failure   Level
a - Slow                  Hex            20%        N/A       24%         1
b - Confusing Touch       Hex            5%         N/A       58%         3

Your spell library contained the following spells:

 Spells                   Type           Power      Damage    Failure   Level
 Vampiric Draining        Necr           5%         2d6       58%         3
 Conjure Ball Lightning   Conj/Air       2%         3x3d6     100%        6
 Discord                  Hex            2%         N/A       100%        8
 Disjunction              Tloc           2%         N/A       100%        8


Dungeon Overview and Level Annotations

Branches:
Dungeon (5/15)
 Temple: D:4-7

Altars:
Okawaru

Annotations:
D:2 Natasha
D:4 Eustachio


Innate Abilities, Weirdness & Mutations

You have very sharp teeth.
Your uncanny sense of smell can sniff out nearby items.
Your experience applies equally to all skills.
You are agile. (Dex +2)


Message History

* * * LOW HITPOINT WARNING * * *
It was a potion of brilliance.
You feel clever all of a sudden. Natasha closely misses you.
Casting: Slow (safe; 24% risk of failure)
Confirm with . or Enter, or press ? or * to list all spells.
The spell is quite dangerous to miscast (58% risk of failure)!
Continue anyway?
Okay, then.
Casting: Confusing Touch (quite dangerous; 58% risk of failure)
Confirm with . or Enter, or press ? or * to list all spells.
Okay, then.
As you read the scroll of fear, it crumbles to dust.
You assume a fearsome visage.
Natasha looks frightened!
Your extra speed is starting to run out.
You start resting.
Magic restored.
You start resting.
You feel yourself speed up.
You feel yourself slow down.
You start resting.
Natasha is nearby!
Natasha casts a spell at you.
You feel yourself slow down.
Natasha stares at you and mumbles some strange words.
The magic dart hits you!
* * * LOW HITPOINT WARNING * * *
Okay, then.
Okay, then.
Casting: Confusing Touch (quite dangerous; 58% risk of failure)
Confirm with . or Enter, or press ? or * to list all spells.
Okay, then.
Casting: Confusing Touch (quite dangerous; 58% risk of failure)
Confirm with . or Enter, or press ? or * to list all spells.
Aiming: Slow (safe; 24% risk of failure)
Press: ? - help, Shift-Dir - straight line, f/p - Natasha
Aim: Natasha (moderately wounded, chance to affect: 40%)
You feel a surge of power!
Natasha seems to slow down.
Natasha barely misses you.
You slash Natasha!
Natasha is severely wounded.
Natasha claws you.
You die...

#.................. #
#...h.........###.#
##.#.....#.......# #.#
.........####..#.# #.##.#
##......# #..#.# #.##.#
#......# #..#.###.##.##
#.###.## #..#.........# #.# #.#
#..h..##.##..# ## #.###.#
#.##@.##.##..# #.
#....######.##..##.##..# #.
#.#.#.h...h.##.........########
#.#.#.########..##.###.##≈≈≈≈≈≈
#†#.#.## #..##.###.##≈.....
#.#....## #..##.##...#≈.#.#.
##.#.###.### #..........'...#..
#....†##...#
##....#[....#≈.#.#.
#.##.###.#.#
#....###....#≈.....


You could see Natasha (slow).

Vanquished Creatures
  Natasha (twice) (D:2)
  An adder (D:3)
  2 worms
  A dart slug (D:2)
  2 bats (D:1)
  9 endoplasms
  A giant cockroach (D:2)
  6 goblins
  8 hobgoblins
  7 kobolds
  3 quokkas
  6 ball pythons
  4 frilled lizards
  9 rats
61 creatures vanquished.

Vanquished Creatures (collateral kills)
  An adder (D:2)
1 creature vanquished.

Grand Total: 62 creatures vanquished

Notes
Turn   | Place    | Note
-------+----------+-------------------------------------------
     0 | D:5      | Reached skill level 9 in Stealth
     0 | D:5      | croobank the Gnoll Delver began the quest for the Orb.
     0 | D:5      | Reached XP level 1. HP: 23/23 MP: 1/1
   152 | D:4      | Found an iron altar of Okawaru.
   160 | D:4      | Noticed Eustachio
   162 | D:4      | Noticed a crimson imp
   181 | D:4      | Noticed a sky beast
   183 | D:4      | Noticed an orc wizard
   448 | D:3      | Noticed a scorpion
   475 | D:3      | Reached XP level 2. HP: 16/29 MP: 2/2
   733 | D:2      | Noticed Natasha
   747 | D:2      | Killed Natasha
   748 | D:2      | Reached skill level 1 in Invocations
   748 | D:2      | Reached XP level 3. HP: 16/35 MP: 2/4
   970 | D:1      | Reached skill level 1 in Short Blades
   970 | D:1      | Reached skill level 1 in Long Blades
   970 | D:1      | Reached skill level 1 in Maces & Flails
   970 | D:1      | Reached skill level 1 in Polearms
   970 | D:1      | Reached skill level 1 in Staves
   970 | D:1      | Reached skill level 1 in Slings
   970 | D:1      | Reached skill level 1 in Bows
   970 | D:1      | Reached skill level 1 in Crossbows
   970 | D:1      | Reached skill level 1 in Throwing
   970 | D:1      | Reached skill level 1 in Armour
   970 | D:1      | Reached skill level 1 in Shields
   970 | D:1      | Reached skill level 1 in Unarmed Combat
   970 | D:1      | Reached skill level 1 in Spellcasting
   970 | D:1      | Reached skill level 1 in Evocations
  1048 | D:1      | Reached XP level 4. HP: 38/41 MP: 5/5
  1292 | D:1      | Found a faded altar of an unknown god.
  1566 | D:1      | Learned a level 1 spell: Slow
  1570 | D:1      | Learned a level 3 spell: Confusing Touch
  1970 | D:2      | Reached skill level 1 in Conjurations
  1970 | D:2      | Reached skill level 1 in Hexes
  1970 | D:2      | Reached skill level 1 in Summonings
  1970 | D:2      | Reached skill level 1 in Necromancy
  1970 | D:2      | Reached skill level 1 in Translocations
  1970 | D:2      | Reached skill level 1 in Transmutations
  1970 | D:2      | Reached skill level 1 in Fire Magic
  1970 | D:2      | Reached skill level 1 in Ice Magic
  1970 | D:2      | Reached skill level 1 in Air Magic
  1970 | D:2      | Reached skill level 1 in Earth Magic
  1970 | D:2      | Reached skill level 1 in Poison Magic
  2082 | D:2      | Noticed Natasha
  2107 | D:2      | Killed Natasha
  2108 | D:2      | Reached XP level 5. HP: 37/47 MP: 4/7
  2472 | D:2      | Noticed Natasha
  2492 | D:2      | Gained mutation: You are agile. (Dex +2) [potion of
                  | mutation]
  2536 | D:2      | HP: 2/47 [Natasha/magic dart (8)]
  2538 | D:2      | Slain by Natasha

Illustrated notes

Levels and vault maps discovered:
D:1:      eino_arrival_water_star, layout_loops_ring,
          hellmonk_ecumenical_altar_lost_god, minivault_27, minmay_vboxes
D:2:      layout_loops_ring, grunt_decor_mini_mirrors,
          kennysheep_generic_room_10, uniq_natasha
D:3:      layout_basic, kennysheep_minor_cross, serial_bayou_pond_b
D:4:      layout_basic, old_standard_altar, serial_shops, kennysheep_little_box,
          minivault_27, fountainhead, uniq_eustachio
D:5:      layout_loops_cross, old_standard_altar, ebering_ghost_gozag,
          kennysheep_generic_room_2, uniq_duvessa

Skill      XL: |  1  2  3  4 |
---------------+-------------+-----
Stealth        | |  9.6
Invocations    | 1 |  1.5
Short Blades   | 1 |  1.4
Long Blades    | 1 |  1.4
Maces & Flails | 1 |  1.4
Polearms       | 1 |  1.4
Staves         | 1 |  1.4
Slings         | 1 |  1.4
Bows           | 1 |  1.4
Crossbows      | 1 |  1.4
Throwing       | 1 |  1.4
Armour         | 1 |  1.4
Shields        | 1 |  1.4
Unarmed Combat | 1 |  1.4
Spellcasting   | 1 |  1.4
Evocations     | 1 |  1.4
Conjurations   | 1 |  1.1
Hexes          | 1 |  1.1
Summonings     | 1 |  1.1
Necromancy     | 1 |  1.1
Translocations | 1 |  1.1
Transmutations | 1 |  1.1
Fire Magic     | 1 |  1.1
Ice Magic      | 1 |  1.1
Air Magic      | 1 |  1.1
Earth Magic    | 1 |  1.1
Poison Magic   | 1 |  1.1
Fighting       | |  6.6
Axes           | |  4.7
Dodging        | |  4.7

Action                   |  1- 3 |  4- 6 || total
-------------------------+-------+-------++-------
Melee: Hand axe          |    76 |   146 ||   222
       Bite              |     5 |    19 ||    24
       Punch             |       |     4 ||     4
 Cast: Slow              |       |    15 ||    15
  Use: Scroll            |     4 |     4 ||     8
       Potion            |     1 |     4 ||     5
 Stab: Sleeping          |     3 |    10 ||    13
Armor: Leather armour    |    30 |    22 ||    52
Dodge: Dodged            |    74 |    81 ||   155
